 Dungeon Crawl Stone Soup version 0.30-b1-2-g02819fbbbe (webtiles) character file.

Game seed: 17267025674588925941

369 Alarkh the Insei (level 6, -5/48 HPs)
             Began as a Demonspawn Chaos Knight on May 20, 2023.
             Was a Plaything of Xom.
             Killed by divine providence
             ... invoked by an orc priest
              (13 damage)
             ... on level 4 of the Dungeon.
             The game lasted 00:05:44 (2873 turns).

Alarkh the Insei (Demonspawn Chaos Knight)          Turns: 2873, Time: 00:05:46

Health: -5/48      AC: -3    Str: 18    XL:     6   Next: 41%
Magic:  6/6        EV: 12    Int: 13    God:    Xom [...*..]
Gold:   219        SH:  0    Dex: 12    Spells: 5/5 levels left

rFire   + .          .
                       - Unarmed
rCold   . . .        (no shield)
rNeg    + + .        l - +2 robe "Hogrumatz" {rF+ rN++ Int-3}
rPois   .            (no helmet)
rElec   .            (no cloak)
rCorr   .            (no gloves)
SInv    .            (no boots)
Will    .....        (no amulet)
Stlth   +            p - +6 ring of strength
HPRegen 0.28/turn    (no ring)
MPRegen 0.10/turn

%: no passive effects
@: corroded
A: claws 2, powered by death 1, talons 1
a: Renounce Religion


You were on level 4 of the Dungeon.
You worshipped Xom.
You were a favourite toy of Xom.
You visited 1 branch of the dungeon, and saw 4 of its levels.

You collected 219 gold pieces.

Inventory:

Armour
 l - the +2 robe "Hogrumatz" (worn) {rF+ rN++ Int-3}
   (You found it on level 2 of the Dungeon)

   Int:       It affects your intelligence (-3).
   rF:        It protects you from fire.
   rN:        It greatly protects you from negative energy.
Magical Staves
 k - a staff of death
Jewellery
 p - a +6 ring of strength (left claw)
Scrolls
 a - 2 scrolls of enchant armour {unknown}
 c - a scroll of immolation {unknown}
 d - 3 scrolls of teleportation
 e - a scroll of fear {unknown}
 g - a scroll of magic mapping
 h - a scroll of noise {unknown}
 r - a scroll of identify
Potions
 f - a potion of ambrosia
 i - a potion of mutation
 j - 2 potions of brilliance {unknown}
 m - 2 potions of curing {unknown}
 n - a potion of flight
 o - a potion of lignification {unknown}
 q - a potion of invisibility {unknown}
 t - 2 potions of attraction {unknown}
 u - a potion of haste {unknown}
Miscellaneous
 b - a piece from Xom's chessboard (15/15) (quivered)


   Skills:
 + Level 4.2 Fighting
 + Level 3.2 Armour
 + Level 2.6 Dodging
 * Level 4.6 Unarmed Combat


You had 5 spell levels left.
You didn't know any spells.
Your spell library contained the following spells:

 Spells                   Type           Power      Damage    Failure   Level
 Ozocubu's Armour         Ice            0%         N/A       67%         3
 Ozocubu's Refrigeration  Ice            0%         4d7       100%        7


Dungeon Overview and Level Annotations

Branches:
Dungeon (4/15)
 Temple: D:4-7

Altars:
Ashenzari
Yredelemnul

Shops:
D:4 =

Annotations:
D:3 2 transporters, Chingon's ghost, amateur GrFi
D:4 2 runed translucent doors, t4s4d4r's ghost, novice FoFi


Innate Abilities, Weirdness & Mutations

You have very sharp fingernails.
You regenerate a little health from kills.
You have sharp toenails.


Message History

You claw the orc priest, but do no damage.
You scratch the orc priest. Your kick misses the orc priest.
Your claw misses the orc priest.
The orc priest is moderately wounded.
The orc priest misses you. The orc priest hits you with a +0 whip.
You barely miss the orc priest.
The orc priest is moderately wounded.
The orc priest hits you from afar with a +0 trident.
The orc priest closely misses you.
You closely miss the orc priest.
The orc priest is moderately wounded.
The orc priest hits you from afar with a +0 trident.
* * * LOW HITPOINT WARNING * * *
The orc priest hits you with a +0 whip.
* * * LOW HITPOINT WARNING * * *
You are confused.
You feel invigorated. The orc priest closely misses you.
The orc priest looks encouraged for a moment.
The orc priest attacks as you move away!
The orc priest closely misses you.
An orc comes into view. It is wielding a +0 dagger.
You barely miss the orc priest. Your kick misses the orc priest.
The orc priest is moderately wounded.
The orc priest hits you with a +0 whip.
* * * LOW HITPOINT WARNING * * *
You scratch the orc priest but do no damage.
You claw the orc priest, but do no damage.
The orc priest is moderately wounded.
The orc priest hits you from afar with a +0 trident!
* * * LOW HITPOINT WARNING * * *
The orc priest hits you with a +0 whip!
* * * LOW HITPOINT WARNING * * *
An endoplasm comes into view.
You bump into the rock wall.
You feel less invigorated.
You feel less confused.
The endoplasm quivers.
The orc priest mumbles some strange prayers to Beogh against you.
Beogh smites you!
You die...
Xom guffaws!

,*,* **,**
*#o#********** ,*,*
*,* #.# ,*,* *,* #o#
,*,*******,* ######.#
,*,,,,,,,,,* #...##o#
,***********###.#.##>#
,* ##..∩..##J## ,****
#..#.#..o..# ######
,,,,* #.##.@oo#..#
#....# *,*,*
#.#####.#######.##.###
***,* #.#
#.#.....#.#.)... ###,*
#.# #.#.#.#.#.#...##
#.#,* #.#
#..,#.#...#.#.# .#*,*
#.# #####.#######.##
.##,* #.# #...#.#...#
#... .≈#,* #.#
###.#.#.#.#.# ####
##*,* #.#
#.#.#.....#.# ##.#


You could see 2 orc priests, an orc and an endoplasm.

Vanquished Creatures
  An ogre (D:4)
  A howler monkey (D:4)
  A hound (D:4)
  Ijyb (D:3)
  3 orc wizards (D:4)
  5 adders
  A worm (D:2)
  A dart slug (D:3)
  5 orcs
  4 endoplasms
  3 giant cockroaches
  9 goblins
  5 hobgoblins
  4 quokkas
  4 ball pythons
  5 bats
  4 frilled lizards
  7 kobolds
  3 rats
67 creatures vanquished.

Vanquished Creatures (others)
  A jelly (D:4)
1 creature vanquished.

Grand Total: 68 creatures vanquished

Notes
Turn   | Place    | Note
-------+----------+-------------------------------------------
     0 | D:1      | Alarkh the Demonspawn Chaos Knight began the quest for the
                  | Orb.
     0 | D:1      | Reached XP level 1. HP: 18/18 MP: 1/1
   294 | D:1      | Reached skill level 1 in Dodging
   452 | D:1      | XOM: silly message
   455 | D:1      | Gained mutation: You have sharp fingernails. [demonic
                  | ancestry]
   455 | D:1      | Reached XP level 2. HP: 23/24 MP: 2/2
  1217 | D:2      | XOM: potion effect (haste)
  1229 | D:2      | Gained mutation: You regenerate a little health from kills.
                  | [demonic ancestry]
  1229 | D:2      | Reached XP level 3. HP: 25/29 MP: 3/3
  1454 | D:2      | XOM: silly message
  1455 | D:2      | Identified the +2 robe "Hogrumatz" {rF+ rN++ Int-3}
  1601 | D:3      | Noticed Chingon's ghost (amateur GrFi)
  1601 | D:3      | Found a transporter.
  1601 | D:3      | Found a transporter.
  1618 | D:3      | XOM: potion effect (berserk rage)
  1660 | D:3      | Reached XP level 4. HP: 35/35 MP: 4/4
  1709 | D:3      | Found a basalt altar of Yredelemnul.
  1941 | D:3      | Found a broken altar of Ashenzari.
  1971 | D:3      | Noticed Ijyb
  1994 | D:3      | Killed Ijyb
  2173 | D:4      | XOM: silly message
  2181 | D:4      | Gained mutation: You have very sharp fingernails. [demonic
                  | ancestry]
  2181 | D:4      | Reached XP level 5. HP: 35/42 MP: 5/5
  2347 | D:4      | XOM: silly message
  2372 | D:4      | Noticed an ogre
  2372 | D:4      | XOM: divination: detect items
  2395 | D:4      | HP: 2/42 [ogre/+0 giant spiked club (13)]
  2397 | D:4      | XOM: silly message
  2398 | D:4      | XOM: confuse monster(s)
  2402 | D:4      | Killed an ogre
  2403 | D:4      | Reached XP level 6. HP: 30/48 MP: 6/6
  2562 | D:4      | XOM: enchant monster (good)
  2654 | D:4      | Found a large runed translucent door.
  2654 | D:4      | Found a large runed translucent door.
  2656 | D:4      | Noticed t4s4d4r's ghost (novice FoFi)
  2723 | D:4      | XOM: give mutation
  2723 | D:4      | Gained mutation: You have sharp toenails. [Xom's grace]
  2837 | D:4      | Found Pyqege Deoc's Jewellery Emporium.
  2873 | D:4      | Killed from afar by an orc priest

Illustrated notes

Levels and vault maps discovered:
D:1:      minmay_arrival_widening_spiral_narrow, layout_loops_ring
D:2:      layout_basic
D:3:      cheibrodos_old_hovel, layout_rooms, marbit_many_paths,
          nicolae_overflow_crystal_walls, gammafunk_ghost_arena,
          minmay_circle_x, uniq_ijyb
D:4:      layout_loops_ring, nicolae_wu_jian_immortal_techniques,
          ebering_ghost_disaster_area, serial_shops, nicolae_shop_crystal,
          minmay_misc_feat_ornament, uniq_natasha

Skill      XL: |  1  2  3  4  5 |
---------------+----------------+-----
Dodging        | 1 2 |  2.6
Armour         | 2 3 |  3.2
Unarmed Combat | 3 4 |  4.6
Fighting       | 4 |  4.2

Action                     |  1- 3 |  4- 6 || total
---------------------------+-------+-------++-------
  Melee: Unarmed           |   112 |   128 ||   240
         Punch             |     4 |     5 ||     9
         Kick              |       |     2 ||     2
  Evoke: Piece from Xom's  |       |     3 ||     3
         Wand              |       |     1 ||     1
    Use: Scroll            |     1 |     4 ||     5
         Potion            |       |     3 ||     3
   Stab: Sleeping          |     1 |       ||     1
         Petrified         |       |     5 ||     5
 Armour: Leather armour    |    38 |       ||    38
         Robe              |     4 |    11 ||    15
  Dodge: Dodged            |    44 |    68 ||   112
